 Dungeon Crawl Stone Soup version 0.27.1-33-g824d729ab1 (webtiles) character file.

Game seed: 17891832742984670293

3997 sking99 the Cleaver (level 10, 26/92 HPs)
             Began as a Deep Dwarf Berserker on Dec 8, 2021.
             Was an Elder of Trog.
             Quit the game on level 8 of the Dungeon.
             The game lasted 00:16:49 (7268 turns).

sking99 the Cleaver (Deep Dwarf Berserker)          Turns: 7268, Time: 00:16:50

Health: 26/92      AC: 20    Str: 23    XL:     10   Next: 3%
Magic:  7/7        EV: 10    Int:  9    God:    Trog [****..]
Gold:   385        SH:  0    Dex: 18    Spells: 9/9 levels left

rFire    . . .     SeeInvis .   x - +3 battleaxe
rCold    . . .     Faith    .   (shield currently unavailable)
rNeg     . . .     Spirit   .   A - +1 plate armour
rPois    .         Reflect  .   w - +2 hat
rElec    .         Harm     .   (no cloak)
rCorr    .         Rampage  .   (no gloves)
Will     +....                  (no boots)
Stlth    ..........             (no amulet)
HPRegen  0.00/turn              p - +6 ring of dexterity
MPRegen  0.10/turn              g - +4 ring of protection

@: mildly poisoned (26 -> 26)
A: damage resistance, heal wounds, sense surroundings 2, no regeneration
a: Heal Wounds, Renounce Religion, Berserk, Trog's Hand, Brothers in Arms


You were on level 8 of the Dungeon.
You worshipped Trog.
Trog was greatly pleased with you.
You visited 1 branch of the dungeon, and saw 8 of its levels.

You collected 500 gold pieces.
You spent 115 gold pieces at shops.

Inventory:

Hand Weapons
 s - a +1 hand axe of freezing
 x - a +3 battleaxe (weapon)
Missiles
 y - a throwing net
Armour
 w - a +2 hat (worn)
 A - a +1 plate armour (worn)
Jewellery
 c - a ring of resist corrosion
 g - a +4 ring of protection (right hand)
 p - a +6 ring of dexterity (left hand)
Scrolls
 b - 2 scrolls of vulnerability
 e - 2 scrolls of summoning
 h - 4 scrolls of teleportation
 l - 4 scrolls of magic mapping
 n - a scroll of fear
Potions
 d - 3 potions of heal wounds
 f - a potion of invisibility
 i - a potion of attraction {unknown}
 j - a potion of flight
 k - a potion of cancellation {unknown}
 m - a potion of mutation {unknown}
 o - a potion of ambrosia {unknown}
 t - 2 potions of might
 v - 4 potions of lignification
 B - a potion of magic {unknown}


   Skills:
 + Level 6.5 Fighting
 * Level 10.5 Axes
 + Level 7.4 Armour
 + Level 7.3 Dodging


You had 9 spell levels left.
You didn't know any spells.
Your spell library was empty.

Dungeon Overview and Level Annotations

Branches:
Dungeon (8/15)             Temple (0/1) D:6
   Lair: D:8-11

Altars:
Cheibriados
Fedhas
Nemelex Xobeh

Shops:
D:1 (   D:3 ?   D:5 (   D:6 ==((


Innate Abilities, Weirdness & Mutations

You are resistant to damage.
You can heal yourself by infusing magical energy.
You passively map the area around you.
You do not regenerate.


Message History

The gnoll sergeant misses you.
You miss the killer bee.
The killer bee is moderately wounded.
The killer bee stings you but does no damage. x2
The gnoll sergeant hits you from afar with a +0 trident.
The killer bee barely misses you.
You miss the killer bee.
The killer bee is moderately wounded.
The killer bee stings you but does no damage.
The gnoll sergeant misses you. The killer bee stings you.
You closely miss the killer bee.
The killer bee is moderately wounded.
You are no longer poisoned.
The killer bee misses you.
The gnoll sergeant hits you from afar with a +0 trident!
The killer bee stings you but does no damage.
You miss the killer bee.
The killer bee is moderately wounded.
The killer bee stings you but does no damage.
The killer bee barely misses you.
The gnoll sergeant hits you but does no damage.
The killer bee barely misses you.
The gnoll sergeant hits you from afar with a +0 trident.
You hit the killer bee.
The killer bee is severely wounded.
The killer bee stings you.
You are poisoned.
The killer bee poisons you!
The killer bee stings you but does no damage.
The gnoll sergeant hits you from afar with a +0 trident.
You miss the killer bee.
The killer bee is severely wounded.
The killer bee misses you.
The killer bee stings you but does no damage.
The gnoll sergeant hits you from afar with a +0 trident.
* * * LOW HITPOINT WARNING * * *
The killer bee stings you.
You are more poisoned.
The killer bee poisons you!
Are you sure you want to abandon this character and quit the game? (Confirm with "yes".)

* , , #.....# ######### #.# ,
#.##.## * ###.# , , , ,* #.##.##
* #.... #.##).# * #.#.# , ,
#....## #.#.# #.##.## #.#.. #..
.. ..# #.†)gg# #+# #.##. #.. #.
*#.# #.##y## #.# #.##. #...#.*
#.# #.##@# #.# #.... ..#.*
#.###y###### #.# ####. ,, ...
#...h###...###.# #. *
#.###..y###8)<.8##.### #.
##.##..##.##†#)....:.#.))#######.
..........y..#.<)8...')#.........
.#..#..##(##y#.))....############
# #.###...y##8.<.8## , ...*
####.###...##


You could see a gnoll sergeant, a killer bee and a gnoll.

Vanquished Creatures
  Grinder (D:3)
  A hornet (D:8)
  Prince Ribbit (D:5)
  An acid dragon (D:7)
  2 water moccasins
  2 orc warriors
  A necrophage (D:6)
  A sky beast (D:6)
  2 ogres
  A centaur (D:7)
  3 phantoms
  A kobold brigand (D:8)
  2 bullfrogs (D:8)
  3 scorpions
  A water moccasin zombie (D:6)
  A wyvern skeleton (D:7)
  6 wights
  5 killer bees
  3 howler monkeys
  2 centaur zombies
  A bullfrog zombie (D:6)
  5 hounds
  A bullfrog skeleton (D:5)
  7 orc priests
  A centaur skeleton (D:4)
  2 gnoll shamans
  7 orc wizards
  2 iguanas
  A hound skeleton (D:5)
  A howler monkey zombie (D:5)
  9 gnolls
  A howler monkey skeleton (D:7)
  9 adders
  3 shadow imps
  An adder skeleton (D:4)
  A worm (D:3)
  3 dart slugs
  22 orcs
  12 endoplasms
  5 giant cockroaches
  11 goblins
  8 hobgoblins
  A quokka (D:1)
  6 ball pythons
  4 bats
  4 frilled lizards
  11 kobolds
  4 rats
183 creatures vanquished.

Vanquished Creatures (collateral kills)
  A killer bee (D:8)
  2 howler monkeys (D:8)
  A gnoll (D:8)
4 creatures vanquished.

Vanquished Creatures (others)
  A plant (D:1)
1 creature vanquished.

Grand Total: 188 creatures vanquished

Notes
Turn   | Place    | Note
-------+----------+-------------------------------------------
     0 | D:1      | sking99 the Deep Dwarf Berserker began the quest for the
                  | Orb.
     0 | D:1      | Reached XP level 1. HP: 20/20 MP: 1/1
   211 | D:1      | Reached XP level 2. HP: 18/27 MP: 2/2
   335 | D:1      | Found a faded altar of an unknown god.
   551 | D:1      | Found Acha Lod's Weapon Shop.
   995 | D:2      | Reached XP level 3. HP: 30/33 MP: 3/3
  1256 | D:2      | Reached skill level 4 in Axes
  1445 | D:2      | Reached ** piety under Trog
  1793 | D:3      | Noticed Grinder
  1934 | D:3      | Reached XP level 4. HP: 26/42 MP: 4/4
  2034 | D:3      | Killed Grinder
  2035 | D:3      | Reached skill level 5 in Axes
  2035 | D:3      | Reached XP level 5. HP: 26/49 MP: 5/5
  2035 | D:3      | Reached XP level 6. HP: 30/56 MP: 6/6
  2151 | D:3      | Found Unyifac's Magic Scroll Boutique.
  2159 | D:3      | Bought a scroll of summoning for 95 gold pieces
  2159 | D:3      | Bought a scroll of identify for 20 gold pieces
  2828 | D:4      | Reached skill level 6 in Axes
  3029 | D:4      | Reached XP level 7. HP: 55/64 MP: 6/6
  3636 | D:4      | Reached *** piety under Trog
  3821 | D:5      | Entered Level 5 of the Dungeon
  4239 | D:5      | Reached skill level 7 in Axes
  4266 | D:5      | Found Ysixomor's Antique Weapon Shop.
  4274 | D:5      | HP: 1/66 [ogre (20)]
  4276 | D:5      | Reached XP level 8. HP: 1/73 MP: 7/7
  4528 | D:5      | Found a sparkling altar of Nemelex Xobeh.
  4547 | D:5      | Reached skill level 5 in Armour
  4661 | D:5      | Noticed Prince Ribbit
  4663 | D:5      | Found a snail-covered altar of Cheibriados.
  4666 | D:5      | Reached skill level 5 in Dodging
  4687 | D:5      | Killed Prince Ribbit
  5292 | D:6      | Found Wiwojang's Weapon Emporium.
  5350 | D:6      | Reached skill level 5 in Fighting
  5350 | D:6      | Reached skill level 8 in Axes
  5528 | D:6      | Found Lajotier's Jewellery Emporium.
  5598 | D:6      | Found a blossoming altar of Fedhas.
  5696 | D:6      | Found a staircase to the Ecumenical Temple.
  5735 | D:6      | Gained mutation: You passively map the area around you.
                  | [Deep Dwarf growth]
  5735 | D:6      | Reached XP level 9. HP: 37/81 MP: 8/8
  5886 | D:6      | Found Qoleozue's Jewellery Shoppe.
  6082 | D:6      | Found Fokhlyg's Antique Weapon Shop.
  6171 | D:6      | Reached skill level 9 in Axes
  6440 | D:7      | Reached **** piety under Trog
  6901 | D:7      | Reached skill level 10 in Axes
  7220 | D:8      | Reached ***** piety under Trog
  7229 | D:8      | Paralysed by a hornet for 3 turns
  7240 | D:8      | Reached XP level 10. HP: 44/92 MP: 7/7
  7268 | D:8      | Quit the game

Illustrated notes

Levels and vault maps discovered:
D:1:      kilobyte_arrival_exit_the_forest, layout_loops_ring, serial_shops,
          nicolae_shop_stone, ebering_ecumenical_altar_sacrificial
D:2:      layout_basic, hangedman_decor_clover_reticule
D:3:      layout_basic, serial_shops, shop, uniq_grinder
D:4:      layout_cave_pods, minmay_box_of_dots
D:5:      layout_layer_cave, mainiacjoe_overflow_24_doors,
          mainiacjoe_overflow_small_starburst, serial_shops,
          nicolae_diamond_shop, uniq_prince_ribbit1
D:6:      layout_basic, mainiacjoe_overflow_catwalk, minmay_temple_entry_wispy,
          serial_shops, nicolae_stop_n_shop_1, shop, shop_coins,
          nicolae_shop_waterfront, grunt_ministairs_7, sigmund_army
D:7:      layout_basic
D:8:      statuecave_lemuel, layout_loops_cross,
          yredelemnul_forgotten_temple_becter, nicolae_wu_jian_glorious_leap,
          grunt_ministairs_7

Skill      XL: |  1  2  3  4  5  6  7  8  9 |
---------------+----------------------------+-----
Fighting       | 3 4 5 6 |  6.5
Axes           | 4 5 6 7 8 10 | 10.5
Armour         | 3 4 6 7 |  7.4
Dodging        | 3 4 6 7 |  7.3

Action                   |  1- 3 |  4- 6 |  7- 9 | 10-12 || total
-------------------------+-------+-------+-------+-------++-------
Melee: Hand axe          |   144 |   172 |   241 |       ||   557
       Battleaxe         |       |       |   225 |    13 ||   238
Invok: Berserk           |     2 |     1 |     3 |       ||     6
       Brothers in Arms  |       |       |     1 |       ||     1
 Abil: Heal Wounds       |     1 |     4 |    22 |       ||    27
  Use: Scroll            |       |     2 |    13 |       ||    15
Armor: Animal skin       |    24 |       |       |       ||    24
       Ring mail         |    13 |    60 |    29 |       ||   102
       Scale mail        |       |       |    54 |       ||    54
       Plate armour      |       |       |   151 |    22 ||   173
Dodge: Dodged            |   101 |    81 |   278 |    17 ||   477
